 Dungeon Crawl Stone Soup version 0.28.0 (webtiles) character file.

Game seed: 15318594777559683211

23 crazypyro the Vexing (level 2, -2/24 HPs)
             Began as an Ogre Enchanter on Feb 4, 2022.
             Slain by a worm (9 damage)
             ... on level 2 of the Dungeon.
             The game lasted 00:02:36 (1514 turns).

crazypyro the Vexing (Ogre Enchanter)               Turns: 1514, Time: 00:02:36

Health: -2/24      AC:  3    Str: 11    XL:     2   Next: 95%
Magic:  5/5        EV: 10    Int: 22    God:
Gold:   63         SH:  0    Dex:  9    Spells: 6/6 levels left

rFire   . . .      SeeInvis .   a - +1 dagger
rCold   . . .      Faith    .   (no shield)
rNeg    . . .      Spirit   .   b - +0 robe
rPois   .          Reflect  .   (helmet restricted)
rElec   .          Harm     .   (no cloak)
rCorr   .          Rampage  .   (gloves unavailable)
Will    .....                   (boots unavailable)
Stlth   ++........              i - amulet of the acrobat
HPRegen 0.08/turn               m - +6 ring of intelligence
MPRegen 0.09/turn               (no ring)

@: no status effects
A: large, unfitting armour, tough skin 1
a: no special abilities


You were on level 2 of the Dungeon.
You visited 1 branch of the dungeon, and saw 2 of its levels.

You collected 63 gold pieces.

Inventory:

Hand Weapons
 a - a +1 dagger (weapon)
Armour
 b - a +0 robe (worn)
Jewellery
 i - an amulet of the acrobat (around neck)
 m - a +6 ring of intelligence (left hand)
Wands
 k - a wand of polymorph (3)
 l - a wand of digging (8)
Scrolls
 d - a scroll of teleportation {unknown}
 e - a scroll of noise {unknown}
 h - a scroll of identify {unknown}
 j - 2 scrolls of fear {unknown}
Potions
 c - a potion of invisibility
 f - a potion of flight {unknown}
 g - a potion of lignification {unknown}


   Skills:
 + Level 1.3 Short Blades
 + Level 2.1 Dodging
 - Level 2.2 Stealth
 + Level 2.8 Spellcasting
 + Level 3.0 Hexes


You had 6 spell levels left.
You didn't know any spells.
Your spell library contained the following spells:

 Spells                   Type           Power      Damage    Failure   Level
 Ensorcelled Hibernation  Hex/Ice        18%        N/A       11%         2
 Confusing Touch          Hex            16%        N/A       11%         3
 Tukima's Dance           Hex            16%        N/A       11%         3
 Dazzling Flash           Conj/Hex       18%        N/A       21%         3
 Borgnjor's Revivificati  Necr           1%         N/A       100%        8
 Necromutation            Tmut/Necr      1%         N/A       100%        8
 Death's Door             Necr           1%         N/A       100%        9


Dungeon Overview and Level Annotations

Branches:
Dungeon (2/15)

Altars:

Shops:
D:1 *


Innate Abilities, Weirdness & Mutations

You are too large for most types of armour.
You have tough skin. (AC +1)


Message History

The worm is moderately wounded.
The worm bites you.
You barely miss the worm.
The worm is moderately wounded.
The worm closely misses you.
You hit the worm.
The worm is moderately wounded.
You hit the worm.
The worm is moderately wounded.
The worm misses you.
You hit the worm but do no damage.
The worm is moderately wounded.
You hit the worm.
The worm is moderately wounded.
The worm bites you.
You barely miss the worm.
The worm is moderately wounded.
You hit the worm.
The worm is heavily wounded.
The worm barely misses you.
You barely miss the worm.
The worm is moderately wounded.
The worm closely misses you.
You hit the worm.
The worm is heavily wounded.
You barely miss the worm.
The worm is heavily wounded.
The worm bites you but does no damage.
You hit the worm.
The worm is heavily wounded.
You barely miss the worm.
The worm is heavily wounded.
The worm bites you.
* * * LOW HITPOINT WARNING * * *
You barely miss the worm.
The worm is heavily wounded.
You hit the worm.
The worm is heavily wounded.
The worm bites you!
You die...

.#......
#......[#..
........
#.........# ..
#......
#.........##.#
#......
#.............
........
#...<.....[..#
........
#.............
...#....
#...w........
## ####.
#....@....$..
##
#............
###..####....
## ########..#
... ..
#.........#
....# #.###
#........##
....# #....
#........#
...># #.
#........#
...# ##
########.##
##...# #


You could see a worm.

Vanquished Creatures
  A dart slug (D:1)
  An endoplasm (D:1)
  4 goblins
  4 hobgoblins
  A kobold (D:2)
  A ball python (D:2)
  2 bats
  3 frilled lizards
  3 rats
20 creatures vanquished.

Notes
Turn   | Place    | Note
-------+----------+-------------------------------------------
     0 | D:1      | crazypyro the Ogre Enchanter began the quest for the Orb.
     0 | D:1      | Reached XP level 1. HP: 16/16 MP: 3/3
   214 | D:1      | Reached skill level 1 in Short Blades
   228 | D:1      | Reached XP level 2. HP: 3/24 MP: 5/5
   548 | D:1      | Found Tuklof's Assorted Antiques.
  1495 | D:2      | Reached skill level 3 in Hexes
  1514 | D:2      | Slain by a worm

Illustrated notes

Levels and vault maps discovered:
D:1:      minmay_arrival_wavy_path, layout_loops_cross, serial_shops, shop,
          minivault_4, grunt_decor_arrowhead
D:2:      layout_rooms

Skill      XL: |  1  2 |
---------------+-------+-----
Short Blades   | 1 |  1.3
Dodging        | 2 |  2.1
Hexes          | 3 |  3.0
Stealth        | |  2.2
Spellcasting   | |  2.8

Action                   || total
-------------------------++-------
Melee: Dagger            ||    80
       Punch             ||     1
 Stab: Sleeping          ||     4
Armor: Robe              ||    15
Dodge: Dodged            ||    37
